TOP OF THE 1ST |
Mountain Pointe HS batting - Pitching for Rocky Point HS Eagles : LHP Billy Fox
|
Pitching: LHP Billy Fox
|
|
Batting: RHB Richard Bass
|
0-0: Fly out, F2 (Popup, 34S)
|
Batting: SHB Erwin Dwyer
|
0-0: Ball 1-0: Called Strike 1-1: Swinging Strike 1-2: Foul Ball, location: 2F 1-2: Ball 2-2: Strikes out looking
|
Batting: RHB Vicente Correa
|
0-0: Foul Ball, location: 2F 0-1: Foul Ball, location: 2F 0-2: Strikes out looking
|
Top of the 1st over - 0 run(s), 0 hit(s), 0 error(s), 0 left on base; Mountain Pointe HS 0 - Rocky Point HS 0 |
BOTTOM OF THE 1ST |
Rocky Point HS Eagles batting - Pitching for Mountain Pointe HS : LHP John Avery
|
Pitching: LHP John Avery
|
|
Batting: LHB Gus Price
|
0-0: SINGLE (Groundball, 6M) (infield hit)
|
Batting: SHB Josh Conner
|
0-0: Ball Gus Price is caught stealing 2nd base 1-0: Called Strike 1-1: Fly out, F5 (Popup, 5L)
|
Batting: RHB Fernando Rodríguez
|
0-0: Ball 1-0: Foul Ball, location: 2F 1-1: Called Strike 1-2: Ball 2-2: Ball 3-2: Foul Ball, location: 2F 3-2: Foul Ball, location: 2F 3-2: Single, Error in OF, E7, batter to second base
|
Batting: RHB Andrew Pinto
|
0-0: Foul Ball, location: 2F 0-1: Ball 1-1: Ball 2-1: Called Strike 2-2: Fly out, F3 (Popup, 3L)
|
Bottom of the 1st over - 0 run(s), 2 hit(s), 1 error(s), 1 left on base; Mountain Pointe HS 0 - Rocky Point HS 0 |
TOP OF THE 2ND |
Mountain Pointe HS batting - Pitching for Rocky Point HS Eagles : LHP Billy Fox
|
Batting: LHB Johnny Beach
|
0-0: Fly out, F4 (Popup, 3D)
|
Batting: SHB Paul Campbell
|
0-0: Ball 1-0: Foul Ball, location: 2F 1-1: Ball 2-1: Ball 3-1: Base on Balls
|
Batting: RHB Ambrosio Hernández
|
0-0: Called Strike 0-1: Ball 1-1: Ball 2-1: Fly out, F3 (Popup, 3S)
|
Batting: RHB Bill Sharp
|
0-0: Ball 1-0: Ball 2-0: Ball 3-0: Base on Balls Paul Campbell to second
|
Batting: SHB Larry Brantley
|
0-0: Ball 1-0: Ball 2-0: Ball 3-0: Base on Balls Paul Campbell to third Bill Sharp to second
|
Batting: LHB Rob Johnson
|
0-0: Ball 1-0: Ball 2-0: Ball 3-0: Foul Ball, location: 2F 3-1: Base on Balls Paul Campbell scores Bill Sharp to third Larry Brantley to second
|
Batting: RHB Richard Bass
|
0-0: Called Strike
|
|
|
|
0-1: Fielders Choice at 2nd, 6-4 (Groundball, 6)
|
Top of the 2nd over - 1 run(s), 0 hit(s), 0 error(s), 2 left on base; Mountain Pointe HS 1 - Rocky Point HS 0 |
BOTTOM OF THE 2ND |
Rocky Point HS Eagles batting - Pitching for Mountain Pointe HS : LHP John Avery
|
Batting: SHB Andrés Coronado
|
0-0: Ball 1-0: Swinging Strike 1-1: Ball 2-1: Swinging Strike 2-2: Strikes out swinging
|
Batting: RHB Liam Simons
|
0-0: Fly out, F9 (Flyball, 9)
|
Batting: RHB Vincent Turner
|
0-0: Ball 1-0: Ball 2-0: Ball 3-0: Called Strike 3-1: Base on Balls
|
Batting: LHB Rob Peterson
|
0-0: Ball 1-0: Ball 2-0: Ball 3-0: Base on Balls Vincent Turner to second
|
Batting: RHB Ramón Garza
|
0-0: Called Strike 0-1: Called Strike 0-2: DOUBLE (Flyball, 8RD) Vincent Turner scores Rob Peterson to third Runner from 3rd tries for Home, SAFE, no throw
|
Batting: LHB Gus Price
|
0-0: Fly out, F7 (Flyball, 7LSF)
|
Bottom of the 2nd over - 2 run(s), 1 hit(s), 0 error(s), 1 left on base; Mountain Pointe HS 1 - Rocky Point HS 2 |
TOP OF THE 3RD |
Mountain Pointe HS batting - Pitching for Rocky Point HS Eagles : LHP Billy Fox
|
Batting: SHB Erwin Dwyer
|
0-0: Foul Ball, location: 2F 0-1: Ball 1-1: Ground out 5-3 (Groundball, 5)
|
Batting: RHB Vicente Correa
|
0-0: Ball 1-0: Swinging Strike 1-1: Called Strike 1-2: Ball 2-2: Strikes out swinging
|
Batting: LHB Johnny Beach
|
0-0: Swinging Strike 0-1: Swinging Strike 0-2: Strikes out looking
|
Top of the 3rd over - 0 run(s), 0 hit(s), 0 error(s), 0 left on base; Mountain Pointe HS 1 - Rocky Point HS 2 |
BOTTOM OF THE 3RD |
Rocky Point HS Eagles batting - Pitching for Mountain Pointe HS : LHP John Avery
|
Batting: SHB Josh Conner
|
0-0: Ball 1-0: Called Strike 1-1: Fly out, F8 (Line Drive, 8LD)
|
Batting: RHB Fernando Rodríguez
|
0-0: Ball 1-0: Ball 2-0: Foul Ball, location: 2F 2-1: Swinging Strike 2-2: Foul Ball, location: 2F 2-2: Ball 3-2: Base on Balls
|
Batting: RHB Andrew Pinto
|
0-0: Ball 1-0: Called Strike 1-1: Ball 2-1: Reached on error, E6 (Groundball, 56) Fernando Rodríguez to second
|
Batting: SHB Andrés Coronado
|
0-0: Called Strike Fernando Rodríguez steals 3rd base Andrew Pinto to second 0-1: Ground out 5-3 (Groundball, 56S) Fernando Rodríguez scores Andrew Pinto to third
|
Batting: RHB Liam Simons
|
0-0: Ball 1-0: Ball 2-0: Fly out, F9 (Flyball, 9LS)
|
Bottom of the 3rd over - 1 run(s), 0 hit(s), 1 error(s), 1 left on base; Mountain Pointe HS 1 - Rocky Point HS 3 |
TOP OF THE 4TH |
Mountain Pointe HS batting - Pitching for Rocky Point HS Eagles : LHP Billy Fox
|
Batting: SHB Paul Campbell
|
0-0: Ground out 5-3 (Groundball, 56S)
|
Batting: RHB Ambrosio Hernández
|
0-0: Called Strike 0-1: Swinging Strike 0-2: Ground out 5-3 (Groundball, 56S)
|
Batting: RHB Bill Sharp
|
0-0: Ball 1-0: Fly out, F7 (Flyball, 78M)
|
Top of the 4th over - 0 run(s), 0 hit(s), 0 error(s), 0 left on base; Mountain Pointe HS 1 - Rocky Point HS 3 |
BOTTOM OF THE 4TH |
Rocky Point HS Eagles batting - Pitching for Mountain Pointe HS : LHP John Avery
|
Batting: RHB Vincent Turner
|
0-0: Ball 1-0: Ball 2-0: Ball 3-0: Base on Balls
|
Batting: LHB Rob Peterson
|
0-0: Fly out, F9 (Line Drive, 89XD)
|
Batting: RHB Ramón Garza
|
0-0: Ball 1-0: Ball 2-0: Foul Ball, location: 2F 2-1: Foul Ball, location: 2F 2-2: Ball 3-2: Base on Balls Vincent Turner to second
|
Batting: LHB Gus Price
|
0-0: Foul Ball, location: 2F 0-1: Swinging Strike 0-2: Ball 1-2: Ball 2-2: Foul Ball, location: 2F 2-2: Foul Ball, location: 2F 2-2: Ball 3-2: Foul Ball, location: 2F 3-2: Base on Balls Vincent Turner to third Ramón Garza to second
|
Batting: SHB Josh Conner
|
0-0: Called Strike 0-1: Ball 1-1: Called Strike 1-2: SINGLE (Groundball, 56D) Vincent Turner scores Ramón Garza to third Gus Price to second Runner from 3rd tries for Home, SAFE, throw made home
|
Batting: RHB Fernando Rodríguez
|
0-0: Called Strike 0-1: Ball 1-1: Ball 2-1: Ball 3-1: Grounds into double play, 5-4-3 (Groundball, 5)
|
Bottom of the 4th over - 2 run(s), 1 hit(s), 0 error(s), 1 left on base; Mountain Pointe HS 1 - Rocky Point HS 5 |
TOP OF THE 5TH |
Mountain Pointe HS batting - Pitching for Rocky Point HS Eagles : LHP Billy Fox
|
Batting: SHB Larry Brantley
|
0-0: Called Strike 0-1: Fly out, F5 (Line Drive, 5L)
|
Batting: LHB Rob Johnson
|
0-0: Called Strike 0-1: Swinging Strike 0-2: Ball 1-2: Fly out, F9 (Flyball, 9)
|
Batting: RHB Richard Bass
|
0-0: Called Strike 0-1: SINGLE (Groundball, 56) (infield hit)
|
Batting: SHB Erwin Dwyer
|
0-0: Called Strike Richard Bass steals 2nd base 0-1: Ball 1-1: Ball 2-1: Ball 3-1: Swinging Strike 3-2: Strikes out swinging
|
Top of the 5th over - 0 run(s), 1 hit(s), 0 error(s), 1 left on base; Mountain Pointe HS 1 - Rocky Point HS 5 |
BOTTOM OF THE 5TH |
Rocky Point HS Eagles batting - Pitching for Mountain Pointe HS : LHP John Avery
|
Pitching: RHP Doug Roberts
|
|
Batting: RHB Andrew Pinto
|
0-0: Ball 1-0: Ball 2-0: Foul Ball, location: 2F 2-1: Foul Ball, location: 2F 2-2: Ball 3-2: Fly out, F9 (Flyball, 9S)
|
Batting: SHB Andrés Coronado
|
0-0: Called Strike 0-1: Ball 1-1: Ball 2-1: Foul Ball, location: 2F 2-2: Ball 3-2: Foul Ball, location: 2F 3-2: Base on Balls
|
Batting: RHB Liam Simons
|
0-0: Ball 1-0: Ball 2-0: Called Strike 2-1: Ball 3-1: Fly out, F4 (Popup, 3)
|
Batting: RHB Vincent Turner
|
0-0: Ball 1-0: Called Strike 1-1: Ball 2-1: Called Strike 2-2: Foul Ball, location: 2F 2-2: Ball 3-2: Foul Ball, location: 2F 3-2: Fly out, F9 (Flyball, 9S)
|
Bottom of the 5th over - 0 run(s), 0 hit(s), 0 error(s), 1 left on base; Mountain Pointe HS 1 - Rocky Point HS 5 |
TOP OF THE 6TH |
Mountain Pointe HS batting - Pitching for Rocky Point HS Eagles : LHP Billy Fox
|
Batting: RHB Vicente Correa
|
0-0: Called Strike 0-1: Called Strike 0-2: Ball 1-2: Foul Ball, location: 2F 1-2: Ball 2-2: Ball 3-2: Base on Balls
|
Batting: LHB Johnny Beach
|
0-0: Foul Ball, location: 2F 0-1: Ball 1-1: Called Strike 1-2: Foul Ball, location: 2F 1-2: Foul Ball, location: 2F 1-2: Ball 2-2: Ball 3-2: Foul Ball, location: 2F 3-2: Base on Balls Vicente Correa to second
|
Pitching: LHP Rick Estes
|
|
Batting: SHB Paul Campbell
|
0-0: Ground out 5-3 (Groundball, 56S) Vicente Correa to third Johnny Beach to second
|
Batting: RHB Ambrosio Hernández
|
0-0: Swinging Strike 0-1: Ball 1-1: Foul Ball, location: 2F 1-2: Ball 2-2: Ball 3-2: Strikes out swinging
|
Batting: RHB Bill Sharp
|
0-0: Called Strike 0-1: Hit by Pitch
|
Batting: SHB Larry Brantley
|
0-0: Called Strike 0-1: Swinging Strike 0-2: Ball 1-2: Ball 2-2: Strikes out swinging
|
Top of the 6th over - 0 run(s), 0 hit(s), 0 error(s), 3 left on base; Mountain Pointe HS 1 - Rocky Point HS 5 |
BOTTOM OF THE 6TH |
Rocky Point HS Eagles batting - Pitching for Mountain Pointe HS : RHP Doug Roberts
|
Batting: LHB Rob Peterson
|
0-0: Fly out, F4 (Line Drive, 4)
|
Batting: RHB Ramón Garza
|
0-0: Foul Ball, location: 2F 0-1: Called Strike 0-2: Fly out, F1 (Line Drive, 13)
|
Batting: LHB Gus Price
|
0-0: Ball 1-0: Foul Ball, location: 2F 1-1: SINGLE (Groundball, 34D)
|
Batting: SHB Josh Conner
|
0-0: Ball 1-0: Ball 2-0: Ball 3-0: Called Strike 3-1: Foul Ball, location: 2F 3-2: Base on Balls Gus Price to second
|
Batting: RHB Fernando Rodríguez
|
0-0: Reached on error, E1 (Line Drive, 15S) Gus Price to third Josh Conner to second
|
Batting: RHB Andrew Pinto
|
0-0: Swinging Strike 0-1: Fly out, F8 (Flyball, 8LM)
|
Bottom of the 6th over - 0 run(s), 1 hit(s), 1 error(s), 3 left on base; Mountain Pointe HS 1 - Rocky Point HS 5 |
TOP OF THE 7TH |
Mountain Pointe HS batting - Pitching for Rocky Point HS Eagles : LHP Rick Estes
|
Batting: LHB Rob Johnson
|
0-0: Called Strike 0-1: Ball 1-1: Ball 2-1: Fly out, F7 (Flyball, 7)
|
Batting: RHB Richard Bass
|
0-0: Ball 1-0: Ball 2-0: Foul Ball, location: 2F 2-1: Foul Ball, location: 2F 2-2: Ball 3-2: Base on Balls
|
Batting: SHB Erwin Dwyer
|
0-0: Ball 1-0: Called Strike 1-1: Ball 2-1: Ball 3-1: Swinging Strike 3-2: Base on Balls Richard Bass to second
|
Batting: RHB Vicente Correa
|
0-0: Foul Ball, location: 2F 0-1: Ball 1-1: Ball 2-1: Foul Ball, location: 2F 2-2: Ball 3-2: SINGLE (Line Drive, 4MD) Richard Bass to third Erwin Dwyer to second Richard Bass scores Erwin Dwyer to third
|
Batting: LHB Johnny Beach
|
0-0: Ball 1-0: Swinging Strike 1-1: Called Strike 1-2: Ball 2-2: Fly out, F9 (Flyball, 9LM)
|
Pitching: LHP Keith Burns
|
|
Batting: SHB Paul Campbell
|
0-0: Ball 1-0: Ball 2-0: Ball 3-0: Base on Balls Vicente Correa to second
|
Pitching: RHP Nick Cox
|
|
Batting: RHB Ambrosio Hernández
|
0-0: Swinging Strike 0-1: Swinging Strike 0-2: Strikes out looking
|
Top of the 7th over - 1 run(s), 1 hit(s), 0 error(s), 3 left on base; Mountain Pointe HS 2 - Rocky Point HS 5 |
BOTTOM OF THE 7TH |
Rocky Point HS Eagles batting - Pitching for Mountain Pointe HS : RHP Doug Roberts
|
Batting: SHB Andrés Coronado
|
0-0: Ball 1-0: Called Strike 1-1: Ball 2-1: Ball 3-1: Foul Ball, location: 2F 3-2: Foul Ball, location: 2F 3-2: Base on Balls
|
Batting: RHB Liam Simons
|
0-0: Bunt missed! 0-1: Bunt missed! 0-2: Ball 1-2: Foul Ball, location: 2F 1-2: Ball 2-2: Foul Ball, location: 2F 2-2: Foul Ball, location: 2F 2-2: Ball 3-2: Base on Balls Andrés Coronado to second
|
Pitching: RHP Ben Crochers
|
|
Batting: RHB Vincent Turner
|
0-0: Ball 1-0: Ball 2-0: Ball 3-0: Base on Balls Andrés Coronado to third Liam Simons to second
|
Batting: LHB Rob Peterson
|
0-0: Grounds into fielders choice 4-2 (Groundball, 4) Liam Simons to third Vincent Turner to second
|
Batting: RHB Ramón Garza
|
0-0: Foul Ball, location: 2F 0-1: Swinging Strike 0-2: Ball 1-2: Ball 2-2: Ball 3-2: Base on Balls Liam Simons scores Vincent Turner to third Rob Peterson to second
|
Batting: LHB Gus Price
|
0-0: Ball 1-0: Foul Ball, location: 2F 1-1: Foul Ball, location: 2F 1-2: Ball 2-2: Foul Ball, location: 2F 2-2: Fly out, F4 (Line Drive, 4)
|
Batting: SHB Josh Conner
|
0-0: Called Strike 0-1: Swinging Strike 0-2: Fielders Choice at 2nd, 6-4 (Groundball, 6)
|
Bottom of the 7th over - 1 run(s), 0 hit(s), 0 error(s), 2 left on base; Mountain Pointe HS 2 - Rocky Point HS 6 |
TOP OF THE 8TH |
Mountain Pointe HS batting - Pitching for Rocky Point HS Eagles : RHP Nick Cox
|
Batting: RHB Bill Sharp
|
0-0: SINGLE (Groundball, 6MD)
|
Batting: SHB Larry Brantley
|
0-0: Fly out, F8 (Flyball, 8LM)
|
Batting: LHB Rob Johnson
|
0-0: Swinging Strike 0-1: Ball 1-1: Ball 2-1: SINGLE (Line Drive, 34D) Bill Sharp to second
|
Batting: RHB Richard Bass
|
0-0: Called Strike 0-1: Ball 1-1: Fly out, F8 (Flyball, 8RS)
|
Batting: SHB Erwin Dwyer
|
0-0: Foul Ball, location: 2F 0-1: Foul Ball, location: 2F 0-2: Strikes out swinging
|
Top of the 8th over - 0 run(s), 2 hit(s), 0 error(s), 2 left on base; Mountain Pointe HS 2 - Rocky Point HS 6 |
BOTTOM OF THE 8TH |
Rocky Point HS Eagles batting - Pitching for Mountain Pointe HS : RHP Ben Crochers
|
Batting: RHB Fernando Rodríguez
|
0-0: Foul Ball, location: 2F 0-1: Foul Ball, location: 2F 0-2: Ball 1-2: Foul Ball, location: 2F 1-2: Foul Ball, location: 2F 1-2: Foul Ball, location: 2F 1-2: Foul Ball, location: 2F 1-2: Foul Ball, location: 2F 1-2: TRIPLE (Flyball, 9LM)
|
Batting: RHB Andrew Pinto
|
0-0: Foul Ball, location: 2F 0-1: Ball 1-1: Swinging Strike 1-2: Ball 2-2: Ball 3-2: Base on Balls
|
Batting: SHB Andrés Coronado
|
0-0: Swinging Strike 0-1: Swinging Strike 0-2: Strikes out swinging
|
Batting: RHB Liam Simons
|
0-0: Called Strike 0-1: 3-RUN HOME RUN (Flyball, 8LXD), Distance : 440 ft
|
Pitching: RHP John Connors
|
|
Pinch Hitting: RHB John Lindsey
|
0-0: Ball 1-0: Ball 2-0: Ball 3-0: Called Strike 3-1: Called Strike 3-2: Base on Balls
|
Batting: LHB Rob Peterson
|
0-0: Ball 1-0: Ball 2-0: Called Strike 2-1: Ball 3-1: Base on Balls John Lindsey to second
|
Batting: RHB Ramón Garza
|
0-0: Ball 1-0: Grounds into double play, 5-4-3 (Groundball, 56)
|
Bottom of the 8th over - 3 run(s), 2 hit(s), 0 error(s), 1 left on base; Mountain Pointe HS 2 - Rocky Point HS 9 |
TOP OF THE 9TH |
Mountain Pointe HS batting - Pitching for Rocky Point HS Eagles : RHP Nick Cox
|
Now at 1B: Fernando Pagán
|
|
Now in RF: Pedro Cháves
|
|
Batting: RHB Vicente Correa
|
0-0: Swinging Strike 0-1: Ball 1-1: Ground out 1-3 (Groundball, 15)
|
Batting: LHB Johnny Beach
|
0-0: Ball 1-0: Called Strike 1-1: Called Strike 1-2: Strikes out swinging
|
Batting: SHB Paul Campbell
|
0-0: Ball 1-0: Ball 2-0: Called Strike 2-1: Ball 3-1: Base on Balls
|
Batting: RHB Ambrosio Hernández
|
0-0: Called Strike 0-1: Ball 1-1: Fly out, F6 (Line Drive, 6M)
|
Top of the 9th over - 0 run(s), 0 hit(s), 0 error(s), 1 left on base; Mountain Pointe HS 2 - Rocky Point HS 9 |
|
Thursday, March 30th, 2017 - OOTP Baseball 17.12 Build 75
|
|